3L
CHICAGO HAWKS @ RICHARDSON CITY THUNDERCATS
05/11/2018
 
TOP OF THE 1ST
Chicago Hawks batting - Pitching for Richardson City Thundercats : RHP Cordell Wilson
Pitching: RHP Cordell Wilson
Batting: LHB Motoshige Kitamura 0-0: Foul Ball, location: 2F
0-1: Foul Ball, location: 2F
0-2: Ball
1-2: Strikes out swinging
Batting: RHB Ed Whitaker 0-0: Ball
1-0: Swinging Strike
1-1: Ball
2-1: Called Strike
2-2: Strikes out swinging
Batting: RHB Bryan Manning 0-0: Called Strike
0-1: Ball
1-1: Ball
2-1: Ball
3-1: Base on Balls
Batting: LHB Bobby Moore 0-0: Called Strike
0-1: Fielders Choice at 2nd, 6-4 (Groundball, 6)
Top of the 1st over - 0 run(s), 0 hit(s), 0 error(s), 0 left on base; Chicago 0 - Richardson City 0
BOTTOM OF THE 1ST
Richardson City Thundercats batting - Pitching for Chicago Hawks : RHP José Lozano
Pitching: RHP José Lozano
Batting: RHB Júlio Morín 0-0: Swinging Strike
0-1: DOUBLE (Flyball, 89D)
Batting: RHB Edmund Gallagher 0-0: Ball
1-0: Foul Ball, location: 2F
1-1: Ground out 5-3 (Groundball, 56)
Batting: SHB Jorge Colomo 0-0: Ball
1-0: Foul Ball, location: 2F
1-1: Swinging Strike
1-2: Strikes out looking
Batting: LHB Casey Bright 0-0: Ball
1-0: Ball
2-0: Ball
3-0: Called Strike
3-1: Foul Ball, location: 2F
3-2: Base on Balls
Batting: RHB Dong-joon Ch'oe 0-0: Swinging Strike
0-1: Ball
1-1: Ball
2-1: Swinging Strike
2-2: Foul Ball, location: 2F
2-2: Fly out, F6 (Popup, 56)
Bottom of the 1st over - 0 run(s), 1 hit(s), 0 error(s), 2 left on base; Chicago 0 - Richardson City 0
TOP OF THE 2ND
Chicago Hawks batting - Pitching for Richardson City Thundercats : RHP Cordell Wilson
Batting: LHB Mal Wadley 0-0: Called Strike
0-1: Swinging Strike
0-2: Ball
1-2: Strikes out swinging
Batting: RHB Jack Tucker 0-0: Swinging Strike
0-1: Foul Ball, location: 2F
0-2: Foul Ball, location: 2F
0-2: Ground out 4-3 (Groundball, 4)
Batting: RHB Raúl Hernández 0-0: Called Strike
0-1: Ball
1-1: Ball
2-1: Fly out, F8 (Flyball, 8RD)
Top of the 2nd over - 0 run(s), 0 hit(s), 0 error(s), 0 left on base; Chicago 0 - Richardson City 0
BOTTOM OF THE 2ND
Richardson City Thundercats batting - Pitching for Chicago Hawks : RHP José Lozano
Batting: RHB José Rodríguez 0-0: Swinging Strike
0-1: Foul Ball, location: 2F
0-2: DOUBLE (Flyball, 78XD)
Batting: RHB John MacGregor 0-0: Called Strike
0-1: Ball
1-1: Fly out, F3 (Popup, 4S)
Batting: RHB Cordell Wilson 0-0: Ball
1-0: Ball
2-0: Called Strike
2-1: Fly out, F3 (Popup, 3F)
Batting: RHB Miguel Saldaña 0-0: Ball
1-0: Called Strike
1-1: Ball
2-1: Ball
3-1: SINGLE (Line Drive, 3D)
José Rodríguez to third
Runner from 3rd tries for Home, SAFE, throw made home
Miguel Saldaña to second
Batting: RHB Júlio Morín 0-0: Ball
1-0: Ball
2-0: Swinging Strike
2-1: Foul Ball, location: 2F
2-2: Ball
3-2: Ground out 5-3 (Groundball, 56)
Bottom of the 2nd over - 1 run(s), 2 hit(s), 0 error(s), 1 left on base; Chicago 0 - Richardson City 1
TOP OF THE 3RD
Chicago Hawks batting - Pitching for Richardson City Thundercats : RHP Cordell Wilson
Batting: RHB Ted Young 0-0: Ball
1-0: Called Strike
1-1: Ground out 6-3 (Groundball, 6M)
Batting: RHB José Lozano 0-0: Ball
1-0: Ball
2-0: Swinging Strike
2-1: Reached on error, E4 (Groundball, 4)
Batting: LHB Motoshige Kitamura 0-0: Ball
1-0: Foul Ball, location: 2F
1-1: Called Strike
1-2: Ball
2-2: Ball
3-2: Fly out, F8 (Line Drive, 8RM)
Batting: RHB Ed Whitaker 0-0: DOUBLE (Line Drive, 7LM)
José Lozano to third
Batting: RHB Bryan Manning 0-0: Ball
1-0: Called Strike
1-1: Foul Ball, location: 2F
1-2: Strikes out swinging
Top of the 3rd over - 0 run(s), 1 hit(s), 1 error(s), 2 left on base; Chicago 0 - Richardson City 1
BOTTOM OF THE 3RD
Richardson City Thundercats batting - Pitching for Chicago Hawks : RHP José Lozano
Batting: RHB Edmund Gallagher 0-0: Ball
1-0: Called Strike
1-1: Ball
2-1: Ball
3-1: Base on Balls
Batting: SHB Jorge Colomo 0-0: Swinging Strike
0-1: SINGLE (Line Drive, 9LS)
Edmund Gallagher to second
Batting: LHB Casey Bright 0-0: Ball
1-0: SINGLE (Groundball, 34D)
Edmund Gallagher to third
Jorge Colomo to second
Batting: RHB Dong-joon Ch'oe 0-0: Called Strike
0-1: Ball
1-1: Ball
2-1: Ball
3-1: Called Strike
3-2: DOUBLE (Line Drive, 78M)
Edmund Gallagher scores
Jorge Colomo scores
Casey Bright to third
Batting: RHB José Rodríguez 0-0: Ball
1-0: Called Strike
1-1: Ground out 4-3 (Groundball, 4)
Casey Bright scores
Dong-joon Ch'oe to third
Batting: RHB John MacGregor 0-0: Ball
1-0: Called Strike
1-1: Ball
2-1: SINGLE (Flyball, 9LS)
Dong-joon Ch'oe scores
Pitching: LHP Tony Hernández
Batting: RHB Cordell Wilson 0-0: Sac Bunt - play at second, runner OUT! 5-6
Batting: RHB Miguel Saldaña 0-0: Foul Ball, location: 2F
0-1: Ball
1-1: Ball
2-1: Called Strike
2-2: Ball
3-2: Ground out 6-3 (Groundball, 6M)
Bottom of the 3rd over - 4 run(s), 4 hit(s), 0 error(s), 1 left on base; Chicago 0 - Richardson City 5
TOP OF THE 4TH
Chicago Hawks batting - Pitching for Richardson City Thundercats : RHP Cordell Wilson
Batting: LHB Bobby Moore 0-0: SINGLE (Line Drive, 78S)
Batting: LHB Mal Wadley 0-0: Ball
1-0: Swinging Strike
1-1: Foul Ball, location: 2F
1-2: Ball
2-2: Fly out, F4 (Line Drive, 4)
Batting: RHB Jack Tucker 0-0: Called Strike
0-1: Grounds into double play, 5-4-3 (Groundball, 56)
Top of the 4th over - 0 run(s), 1 hit(s), 0 error(s), 0 left on base; Chicago 0 - Richardson City 5
BOTTOM OF THE 4TH
Richardson City Thundercats batting - Pitching for Chicago Hawks : LHP Tony Hernández
Batting: RHB Júlio Morín 0-0: Ball
1-0: Swinging Strike
1-1: Ball
2-1: Called Strike
2-2: Ball
3-2: Base on Balls
Batting: RHB Edmund Gallagher 0-0: Ball
1-0: Foul Ball, location: 2F
1-1: Foul Ball, location: 2F
1-2: Strikes out swinging
Batting: SHB Jorge Colomo 0-0: Grounds into double play, 6-4-3 (Groundball, 6M)
Bottom of the 4th over - 0 run(s), 0 hit(s), 0 error(s), 0 left on base; Chicago 0 - Richardson City 5
TOP OF THE 5TH
Chicago Hawks batting - Pitching for Richardson City Thundercats : RHP Cordell Wilson
Batting: RHB Raúl Hernández 0-0: Called Strike
0-1: Foul Ball, location: 2F
0-2: Strikes out swinging
Batting: RHB Ted Young 0-0: Ball
1-0: Ball
2-0: Ground out 6-3 (Groundball, 6M)
Batting: RHB Tony Hernández 0-0: Ball
1-0: Foul Ball, location: 2F
1-1: Swinging Strike
1-2: Ball
2-2: Strikes out swinging
Top of the 5th over - 0 run(s), 0 hit(s), 0 error(s), 0 left on base; Chicago 0 - Richardson City 5
BOTTOM OF THE 5TH
Richardson City Thundercats batting - Pitching for Chicago Hawks : LHP Tony Hernández
Batting: LHB Casey Bright 0-0: Ball
1-0: Ground out U3 (Groundball, 3S)
Batting: RHB Dong-joon Ch'oe 0-0: Foul Ball, location: 2F
0-1: Swinging Strike
0-2: Ball
1-2: SINGLE (Flyball, 9LM)
Batting: RHB José Rodríguez 0-0: DOUBLE (Flyball, 89D)
Dong-joon Ch'oe to third
Batting: RHB John MacGregor 0-0: Intentional Walk
Batting: RHB Cordell Wilson 0-0: Ball
1-0: Ball
2-0: Ball
3-0: Base on Balls
Dong-joon Ch'oe scores
José Rodríguez to third
John MacGregor to second
Batting: RHB Miguel Saldaña 0-0: Ball
1-0: Ball
2-0: Ball
3-0: Base on Balls
José Rodríguez scores
John MacGregor to third
Cordell Wilson to second
Batting: RHB Júlio Morín 0-0: Called Strike
0-1: Ball
1-1: Called Strike
1-2: Ball
2-2: Ball
3-2: Base on Balls
John MacGregor scores
Cordell Wilson to third
Miguel Saldaña to second
Pitching: RHP Paco Galván
Batting: RHB Edmund Gallagher 0-0: Ball
1-0: Ball
2-0: Ball
3-0: Hit by Pitch
Cordell Wilson scores
Miguel Saldaña to third
Júlio Morín to second
Batting: SHB Jorge Colomo 0-0: Foul Ball, location: 2F
0-1: Ball
1-1: Ball
2-1: Foul Ball, location: 2F
2-2: SINGLE (Popup, 2R)
Miguel Saldaña scores
Júlio Morín to third
Edmund Gallagher to second
Runner from 3rd tries for Home, SAFE, no throw or cutoff
Batting: LHB Casey Bright 0-0: Foul Ball, location: 2F
0-1: Called Strike
0-2: Foul Ball, location: 2F
0-2: Ball
1-2: Strikes out swinging
Batting: RHB Dong-joon Ch'oe 0-0: Ball
1-0: Called Strike
1-1: Ball
2-1: Foul Ball, location: 2F
2-2: Ball
3-2: Base on Balls
Edmund Gallagher to third
Jorge Colomo to second
Batting: RHB José Rodríguez 0-0: Ball
1-0: Called Strike
1-1: SINGLE (Groundball, 56)
Edmund Gallagher scores
Jorge Colomo to third
Dong-joon Ch'oe to second
Runner from 3rd tries for Home, SAFE, no throw or cutoff
Batting: RHB John MacGregor 0-0: Ball
Wild Pitch!
Dong-joon Ch'oe to third
José Rodríguez to second
1-0: Ball
2-0: Ball
3-0: Called Strike
3-1: Foul Ball, location: 2F
3-2: Base on Balls
Batting: RHB Cordell Wilson 0-0: Called Strike
0-1: Fly out, F4 (Popup, 4D)
Bottom of the 5th over - 8 run(s), 4 hit(s), 0 error(s), 3 left on base; Chicago 0 - Richardson City 13
TOP OF THE 6TH
Chicago Hawks batting - Pitching for Richardson City Thundercats : RHP Cordell Wilson
Batting: LHB Motoshige Kitamura 0-0: Foul Ball, location: 2F
0-1: Ball
1-1: Called Strike
1-2: Ball
2-2: Ball
3-2: Foul Ball, location: 2F
3-2: Foul Ball, location: 2F
3-2: Base on Balls
Pinch Hitting: LHB Paul Wilson 0-0: Called Strike
0-1: Called Strike
0-2: Ball
1-2: Foul Ball, location: 2F
1-2: Ball
2-2: Ball
3-2: Fielders Choice at 2nd, 6-4 (Groundball, 6)
Batting: RHB Bryan Manning 0-0: Ball
1-0: Ball
2-0: Ball
3-0: Base on Balls
Paul Wilson to second
Batting: LHB Bobby Moore 0-0: Ball
1-0: Ball
2-0: SINGLE (Line Drive, 34D)
Paul Wilson to third
Bryan Manning to second
Batting: LHB Mal Wadley 0-0: GRAND SLAM HOME RUN (Flyball, 9D), Distance : 361 ft
Pitching: RHP David Phillips
Batting: RHB Jack Tucker 0-0: Ball
1-0: Foul Ball, location: 2F
1-1: Foul Ball, location: 2F
1-2: Strikes out swinging
Batting: RHB Raúl Hernández 0-0: Swinging Strike
0-1: Foul Ball, location: 2F
0-2: Strikes out swinging
Top of the 6th over - 4 run(s), 2 hit(s), 0 error(s), 0 left on base; Chicago 4 - Richardson City 13
BOTTOM OF THE 6TH
Richardson City Thundercats batting - Pitching for Chicago Hawks : RHP Paco Galván
Pitching: RHP Clarence Lee
Now at 1B: Reece White
Batting: RHB Miguel Saldaña 0-0: Called Strike
0-1: Fly out, F7 (Flyball, 7M)
Batting: RHB Júlio Morín 0-0: Fly out, F7 (Flyball, 7M)
Batting: RHB Edmund Gallagher 0-0: Called Strike
0-1: Ball
1-1: Ground out 4-3 (Groundball, 4M)
Bottom of the 6th over - 0 run(s), 0 hit(s), 0 error(s), 0 left on base; Chicago 4 - Richardson City 13
TOP OF THE 7TH
Chicago Hawks batting - Pitching for Richardson City Thundercats : RHP David Phillips
Now at 2B: Martin Young
Batting: RHB Ted Young 0-0: Called Strike
0-1: Called Strike
0-2: Ground out 5-3 (Groundball, 5L)
Pinch Hitting: RHB José Bravo 0-0: Ball
1-0: Swinging Strike
1-1: Ball
2-1: Hit by Pitch
Batting: LHB Motoshige Kitamura 0-0: Ball
1-0: Called Strike
1-1: Ball
2-1: SINGLE (Flyball, 9LS)
José Bravo to second
Runner from 2nd tries for 3rd, SAFE, throw made to third
Batting: RHB Reece White 0-0: Called Strike
Motoshige Kitamura steals 2nd base
0-1: Called Strike
0-2: Strikes out swinging
Batting: RHB Bryan Manning 0-0: Foul Ball, location: 2F
0-1: Ball
1-1: Foul Ball, location: 2F
1-2: Ball
2-2: Foul Ball, location: 2F
2-2: Fly out, F7 (Flyball, 7LM)
Top of the 7th over - 0 run(s), 1 hit(s), 0 error(s), 2 left on base; Chicago 4 - Richardson City 13
BOTTOM OF THE 7TH
Richardson City Thundercats batting - Pitching for Chicago Hawks : RHP Clarence Lee
Pitching: RHP Jesús González
Batting: SHB Jorge Colomo 0-0: Called Strike
0-1: Ball
1-1: Fly out, F4 (Popup, 34)
Batting: LHB Casey Bright 0-0: Called Strike
0-1: Fly out, F7 (Line Drive, 7M)
Batting: RHB Dong-joon Ch'oe 0-0: Foul Ball, location: 2F
0-1: Ball
1-1: Foul Ball, location: 2F
1-2: Ball
2-2: Foul Ball, location: 2F
2-2: Foul Ball, location: 2F
2-2: Foul Ball, location: 2F
2-2: Foul Ball, location: 2F
2-2: Foul Ball, location: 2F
2-2: Foul Ball, location: 2F
2-2: Ground out 6-3 (Groundball, 6M)
Bottom of the 7th over - 0 run(s), 0 hit(s), 0 error(s), 0 left on base; Chicago 4 - Richardson City 13
TOP OF THE 8TH
Chicago Hawks batting - Pitching for Richardson City Thundercats : RHP David Phillips
Batting: LHB Bobby Moore 0-0: Swinging Strike
0-1: Called Strike
0-2: Strikes out swinging
Pitching: RHP Adrián Muñíz
Batting: LHB Mal Wadley 0-0: Ball
1-0: Ground out 1-3 (Groundball, 13S)
Batting: RHB Jack Tucker 0-0: Called Strike
0-1: Ball
1-1: Ball
2-1: Foul Ball, location: 2F
2-2: Foul Ball, location: 2F
2-2: Foul Ball, location: 2F
2-2: Strikes out looking
Top of the 8th over - 0 run(s), 0 hit(s), 0 error(s), 0 left on base; Chicago 4 - Richardson City 13
BOTTOM OF THE 8TH
Richardson City Thundercats batting - Pitching for Chicago Hawks : RHP Jesús González
Batting: RHB José Rodríguez 0-0: Ball
1-0: Called Strike
1-1: Ball
2-1: Swinging Strike
2-2: Foul Ball, location: 2F
2-2: Fly out, F3 (Popup, 3F)
Batting: RHB John MacGregor 0-0: Ball
1-0: Swinging Strike
1-1: Ground out 6-3 (Groundball, 6)
Pinch Hitting: RHB Randall Parkinson 0-0: Foul Ball, location: 2F
0-1: SINGLE (Flyball, 8RS)
Batting: RHB Miguel Saldaña 0-0: Ball
1-0: Ball
2-0: Called Strike
Randall Parkinson steals 2nd base
2-1: Ball
3-1: SINGLE (Groundball, 5D)
Randall Parkinson to third
Throwing error, E7
Randall Parkinson scores
Miguel Saldaña to second
Batting: RHB Martin Young 0-0: Ball
1-0: Foul Ball, location: 2F
1-1: Swinging Strike
1-2: Foul Ball, location: 2F
1-2: Ground out 6-3 (Groundball, 6)
Bottom of the 8th over - 1 run(s), 2 hit(s), 1 error(s), 1 left on base; Chicago 4 - Richardson City 14
TOP OF THE 9TH
Chicago Hawks batting - Pitching for Richardson City Thundercats : RHP Adrián Muñíz
Pitching: RHP Lorenzo Tamargo
Batting: RHB Raúl Hernández 0-0: Foul Ball, location: 2F
0-1: Swinging Strike
0-2: Foul Ball, location: 2F
0-2: Strikes out swinging
Batting: RHB Ted Young 0-0: Ball
1-0: Ball
2-0: Ball
3-0: Foul Ball, location: 2F
3-1: Foul Ball, location: 2F
3-2: Foul Ball, location: 2F
3-2: Ground out 5-3 (Groundball, 56)
Pinch Hitting: SHB Esteban Márquez 0-0: Called Strike
0-1: Ball
1-1: Ball
2-1: Fly out, F9 (Flyball, 89M)
Top of the 9th over - 0 run(s), 0 hit(s), 0 error(s), 0 left on base; Chicago 4 - Richardson City 14
This league is powered by Out of the Park Baseball, the baseball management simulation game for PC, Mac and Linux
Monday, May 4th, 2015 - OOTP Baseball 15.6 Build 34